 Dungeon Crawl Stone Soup version 0.31-a0-949-g57150269e1 (webtiles) character file.

Game seed: 6673830608071311369

88 CowFu the Poker (level 4, -2/37 HPs)
             Began as a Minotaur Reaver on Oct 22, 2023.
             Slain by an orc priest
             ... wielding a +0 flail
              (9 damage)
             ... on level 2 of the Dungeon.
             The game lasted 00:01:21 (975 turns).

CowFu the Poker (Minotaur Reaver)                    Turns: 975, Time: 00:01:21

Health: -2/37      AC:  3    Str: 18    XL:     4   Next: 30%
Magic:  5/5        EV: 11    Int: 10    God:
Gold:   73         SH:  0    Dex:  9    Spells: 4/5 levels left

rFire   . . .        a - +0 spear
rCold   . . .        (no shield)
rNeg    . . .        b - +0 leather armour
rPois   .            (helmet restricted)
rElec   .            (no cloak)
rCorr   .            (no gloves)
SInv    .            (no boots)
Will    .....        (no amulet)
Stlth   +            (no ring)
HPRegen 0.26/turn    (no ring)
MPRegen 0.09/turn

%: no passive effects
@: hasted, very quick
A: horns 2, retaliatory headbutt
a: no special abilities


You were on level 2 of the Dungeon.
You visited 1 branch of the dungeon, and saw 2 of its levels.

You collected 73 gold pieces.

Inventory:

Hand Weapons
 a - a +0 spear (weapon)
Armour
 b - a +0 leather armour (worn)
Jewellery
 h - a ring of positive energy
Scrolls
 c - a scroll of summoning {unknown}
 d - 2 scrolls of identify {unknown}
 e - a scroll of enchant armour {unknown}
 f - 2 scrolls of immolation {unknown}


   Skills:
 - Level 2.4 Fighting
 + Level 6.2 Polearms
 - Level 2.1 Dodging
 - Level 1.3 Spellcasting
 - Level 2.1 Conjurations


You had 4 spell levels left.
You knew the following spells:

 Your Spells              Type           Power      Damage    Failure   Level
a - Kiss of Death         Conj/Necr      8%         2d6       26%         1

Your spell library contained the following spells:

 Spells                   Type           Power      Damage    Failure   Level
 Momentum Strike          Conj/Tloc      4%         3d8       36%         2
 Hailstorm                Conj/Ice       2%         3d3       58%         3
 Call Canine Familiar     Summ           0%         N/A       75%         3
 Sigil of Binding         Hex            0%         N/A       75%         3
 Dimensional Bullseye     Hex/Tloc       0%         N/A       98%         4
 Leda's Liquefaction      Hex/Erth       0%         N/A       98%         4


Dungeon Overview and Level Annotations

Branches:
Dungeon (2/15)

Altars:


Innate Abilities, Weirdness & Mutations

You have a pair of horns on your head.
You reflexively headbutt those who attack you in melee.


Message History

The jackal misses you.
You hit the jackal but do no damage.
The jackal is moderately wounded.
The jackal bites you.
You hit the jackal.
The jackal is almost dead.
The jackal closely misses you.
You closely miss the jackal.
The jackal is almost dead.
The jackal misses you. You furiously retaliate!
You headbutt the jackal.
You kill the jackal!
You reach to attack!
You barely miss the kobold. You completely miss the kobold.
The kobold hits you but does no damage.
You closely miss the kobold. You hit the kobold.
You kill the kobold!
No target in view!
No target in view!
An orc priest is nearby!
You reach to attack!
You hit the orc priest but do no damage.
An orc priest is nearby!
You hit the orc priest but do no damage.
You headbutt the orc priest.
The orc priest is lightly wounded.
The orc priest calls down the wrath of Beogh upon you.
Beogh smites you!
An orc priest is nearby!
You completely miss the orc priest. Your headbutt misses the orc priest.
The orc priest is lightly wounded.
You barely miss the orc priest.
The orc priest is lightly wounded.
You hit the orc priest but do no damage.
The orc priest is lightly wounded.
The orc priest hits you with a +0 flail!
* * * LOW HITPOINT WARNING * * *
You are too injured to fight recklessly!
It was a potion of haste.
You feel yourself speed up.
The orc priest hits you with a +0 flail!
You die...

#.....)#oo.K.. #####.#
#####..#oo.... ##.
#..#oo.... ##. #..##.....
###.# ##.###.... # #####.#..
#..#########.# #...##...
##........)..# #.##..#..
####.#†#)####.# #)#.##...
#.#..@o....# #.#####.# #.
#....†.......#.# ##. #>#
##..##.########.# ##. #.#
##...##.# #.# ###.#
#.###...###.# ###.###.#..
#.##....# #.# #.....##...
#.#....####.# #.#.##..#..
#.....##.##.######.....##...
#....##..##..........#####.#


You could see an orc priest.

Vanquished Creatures
  Natasha (D:2)
  Terence (D:2)
  An adder (D:2)
  A worm (D:2)
  A dart slug (D:2)
  An orc (D:2)
  An endoplasm (D:1)
  2 giant cockroaches (D:1)
  3 goblins
  3 hobgoblins
  3 jackals (D:2)
  A quokka (D:2)
  3 ball pythons
  A bat (D:2)
  2 kobolds (D:2)
  3 rats
28 creatures vanquished.

Notes
Turn   | Place    | Note
-------+----------+-------------------------------------------
     0 | D:1      | CowFu the Minotaur Reaver began the quest for the Orb.
     0 | D:1      | Reached XP level 1. HP: 18/18 MP: 1/1
    41 | D:1      | You fall into a shaft and drop 1 floor!
    97 | D:1      | Reached skill level 4 in Polearms
   212 | D:1      | Reached XP level 2. HP: 25/25 MP: 3/3
   485 | D:2      | Noticed Terence
   496 | D:2      | HP: 1/25 [Terence/+0 flail (5)]
   498 | D:2      | Killed Terence
   499 | D:2      | Reached skill level 5 in Polearms
   499 | D:2      | Reached XP level 3. HP: 30/30 MP: 4/4
   771 | D:2      | Noticed Natasha
   917 | D:2      | Killed Natasha
   918 | D:2      | Reached skill level 6 in Polearms
   918 | D:2      | Reached XP level 4. HP: 24/37 MP: 5/5
   975 | D:2      | Slain by an orc priest

Illustrated notes

Levels and vault maps discovered:
D:1:      minmay_arrival_three_doors, layout_rooms, serial_park_tiny_pond,
          glass_columns_a, st_stairs_9
D:2:      cheibrodos_pilgrimage, layout_loops_ring, nrook_mini_backslash,
          nicolae_houndstooth_variations, uniq_natasha, uniq_crazy_yiuf_cottage,
          uniq_terence

Skill      XL: |  1  2  3 |
---------------+----------+-----
Polearms       | 4 5 6 |  6.2
Fighting       | |  2.4
Dodging        | |  2.1
Spellcasting   | |  1.3
Conjurations   | |  2.1

Action                     |  1- 3 |  4- 6 || total
---------------------------+-------+-------++-------
  Melee: Spear             |    73 |    20 ||    93
         Headbutt          |    14 |     1 ||    15
    Use: Potion            |     2 |     1 ||     3
 Armour: Leather armour    |    30 |     7 ||    37
  Dodge: Dodged            |    22 |     6 ||    28

Table legend: (Time is in decaauts)
 A = Elapsed time spent in this place.
 B = Non-inter-level travel time spent in this place.
 C = Inter-level travel time spent in this place.
 D = Time resting spent in this place.
 E = Time spent auto-exploring this place.
 F = Levels seen in this place.
 G = Mean time per level.
                   A        B        C        D        E       F      G
               +--------+--------+--------+--------+--------+-----+--------+
         Total |    959 |    927 |     32 |      0 |    733 |   2 |  479.5 |
       Dungeon |    959 |    927 |     32 |      0 |    733 |   2 |  479.5 |
               +--------+--------+--------+--------+--------+-----+--------+

Top non-repeatable levels by time:
     D:2: 504 daAuts
     D:1: 455 daAuts
